Map: King's Cove LE

Players

SpiderDonuts

  • Race: Protoss Protoss
  • League: Diamond
  • Spawn Location: 5:00

wootwoot - Winner!

  • Race: Protoss Protoss
  • League: Diamond
  • Spawn Location: 11:00

VOD

Have the link to the VOD?

Description

Time

  • Played on: April 23, 2025, 5:01 a.m.
  • Length: 3:07
Show
View Real Time Build Order
Export as new Build Order

SpiderDonuts Protoss 

Build Orders: 1 Gate Expand 

Get SALT Encoding   

  12  0:00  Probe  
  13  0:13  Probe  
  14  0:18  Pylon  
  14  0:21  Probe  
  15  0:32  Probe  
  15  0:42  Gateway  
  16  0:44  Probe  
  16  0:48  Assimilator  
  17  0:55  Probe  
  18  1:03  Probe  
  18  1:11  Probe  
  20  1:22  Probe  
  21  1:30  Nexus  
  21  1:39  Cybernetics Core  
  21  1:43  Probe  
  22  2:02  Probe  
  22  2:05  Pylon  
  23  2:09  Assimilator  
  23  2:13  Stalker  
  23  2:22  Gateway  
  23  2:23  Probe  
  23  2:28  Shield Battery  
  26  2:37  Shield Battery  
  26  2:42  Pylon  
  25  2:52  Shield Battery  
Show
View Real Time Build Order
Export as new Build Order

wootwoot Protoss - Winner!

Build Orders:  

Get SALT Encoding   

  12  0:01  Probe  
  13  0:14  Probe  
  14  0:19  Pylon  
  14  0:26  Probe  
  15  0:38  Gateway  
  15  0:42  Assimilator  
  15  0:50  Pylon  
  15  1:08  Gateway  
  15  1:15  Gateway  
  15  1:29  Cybernetics Core  
  15  1:33  Probe  
  16  1:45  Probe  
  17  1:53  Stalker x2  
  21  2:22  Adept x2  
  21  2:27  Probe  
Tags
 
Matchup
PvP
Replay Pack
#1B2M-Replays
Spawn Locations
Cross Positions
Add a new tag
Caveats
  • Supply blocks, unpowered buildings, or Contaminate may cause inaccurate times.
  • Supply counts are checked every 10 seconds.